 Dungeon Crawl Stone Soup version 0.20.1-1-g8b1a95d (webtiles) character file.

248 tidbits the Insei (level 5, -1/40 HPs)
             Began as a Demigod Transmuter on Aug 12, 2017.
             Killed from afar by an orc wizard (3 damage)
             ... with a puff of flame
             ... on level 3 of the Dungeon.
             The game lasted 00:09:03 (1080 turns).

tidbits the Insei (Demigod Transmuter)              Turns: 1080, Time: 00:09:04

Health: -1/40      AC:  2    Str: 13    XL:     5   Next: 55%
Magic:  7/10       EV: 13    Int: 19    God:
Gold:   185        SH:  0    Dex: 16    Spells: 1/7 levels left

rFire    . . .     SeeInvis .     - Unarmed
rCold    . . .     Gourm    .   (no shield)
rNeg     . . .     Faith    .   b - +0 robe
rPois    .         Spirit   .   (no helmet)
rElec    .         Reflect  .   (no cloak)
rCorr    .         Harm     .   (no gloves)
MR       .....                  (no boots)
Stlth    +.........             (no amulet)
Regen    0.2/turn               (no ring)
MPRegen  0.2/turn               (no ring)

@: confused, berserk cooldown, hasted and slowed
A: high mp 1
a: no special abilities


You were on level 3 of the Dungeon.
You were not hungry.

You visited 1 branch of the dungeon, and saw 5 of its levels.

You collected 185 gold pieces.

Inventory:

Hand Weapons
 o - a +0 hunting sling
Missiles
 a - 63 arrows
 f - 19 stones (quivered)
Armour
 b - a +0 robe (worn)
Scrolls
 g - a scroll of enchant armour {unknown}
 h - a scroll of immolation {unknown}
 j - 3 scrolls of identify {unknown}
 l - a scroll of fear {unknown}
 m - a scroll of remove curse {unknown}
Potions
 e - a potion of haste
Books
 c - a book of Changes

   Spells                             Type                      Level
   a - Beastly Appendage              Transmutation                1
   b - Sticks to Snakes               Transmutation                2
   c - Spider Form                    Transmutation/Poison         3
   d - Ice Form                       Ice/Transmutation            4
   e - Blade Hands                    Transmutation                5
Comestibles
 d - 2 bread rations


   Skills:
 - Level 1.2 Fighting
 - Level 2.0 Dodging
 - Level 5.6 Unarmed Combat
 - Level 1.7 Spellcasting
 + Level 2.4 Transmutations


You had one spell level left.
You knew the following spells:

 Your Spells              Type           Power        Failure   Level  Hunger
e - Beastly Appendage     Tmut           ##....       6%          1    #......
k - Sticks to Snakes      Tmut           ##......     10%         2    ###....
p - Spider Form           Tmut/Pois      #.........   32%         3    ###....


Dungeon Overview and Level Annotations

Branches:
Dungeon (5/15)
 Temple: D:4-7


Innate Abilities, Weirdness & Mutations

You have an increased reservoir of magic. (+10% MP)


Message History

Your ball python barely misses the orc.
You hit the orc but do no damage.
Your ball python bites the orc but does no damage.
Your ball python grabs the orc.
Your ball python constricts the orc.
The orc barely misses you.
You hit the orc but do no damage.
The orc is poisoned.
Your ball python barely misses the orc.
Your ball python constricts the orc.
You hit the orc priest.
The orc priest is poisoned.
The orc priest is lightly wounded.
You hear some strange, mumbled words.
A magic dart appears from out of thin air!
The magic dart hits you!
The orc hits you with an enchanted mace.
You barely miss the orc priest.
The orc priest is moderately wounded.
Your ball python bites the orc but does no damage.
Your ball python constricts the orc.
The orc priest completely misses you. Something closely misses you.
You hit the orc priest but do no damage.
The orc priest is moderately wounded.
Your ball python bites the orc but does no damage.
Your ball python constricts the orc.
The orc hits you with an enchanted mace.
* * * LOW HITPOINT WARNING * * *
You hit the orc priest.
The orc priest looks as sick as possible!
The orc priest is severely wounded.
The orc priest barely misses you. Something barely misses you.
The orc wizard gestures wildly while chanting.
The orc wizard blinks!
Your ball python bites the orc but does no damage.
Your ball python constricts the orc.
You hit the orc priest.
You kill the orc priest!
Your Transmutations skill increases to level 2!
The orc closely misses you.
You hit the orc.
The orc is almost dead.
You kill the orc!
You hear some strange, mumbled words.
A magic dart appears from out of thin air!
The magic dart hits you!
* * * LOW HITPOINT WARNING * * *
Unknown command.
You barely miss the orc.
Your ball python barely misses the orc.
Your ball python grabs the orc.
Your ball python constricts the orc.
The orc completely misses you.
You hear some strange, mumbled words.
A puff of flame appears from out of thin air!
The puff of flame hits you!
* * * LOW HITPOINT WARNING * * *
It was a potion of berserk rage.
A red film seems to cover your vision as you go berserk!
You feel yourself moving faster!
You feel mighty!
Your ball python bites the orc but does no damage.
Your ball python constricts the orc.
The orc closely misses you.
You hit the orc.
The orc is poisoned.
The orc is lightly wounded.
Something barely misses you.
The orc wizard gestures wildly while chanting.
The orc wizard seems to speed up.
Your ball python bites the orc.
Your ball python constricts the orc.
You bite the orc!
You kill the orc!
Your transformation has ended.
Your +0 robe unmelds from your body.
You are too berserk!
Unknown command.
You are too berserk!
Unknown command.
You feel a strong urge to attack something.
Something hits your ball python.
Your ball python dies!
The orc wizard casts a spell.
The orc wizard blinks!
Unknown command.
You are too berserk!
Unknown command.
Things that are here:
a club; a leather armour; an orc corpse You feel your anger subside.
You are no longer berserk.
You are exhausted.
You feel yourself slow down.
There is an open door here.
Okay, then.
You hear some strange, mumbled words.
You are confused.
Okay, then.
You bump into the rock wall.
Your extra speed is starting to run out.
Something hits you.
* * * LOW HITPOINT WARNING * * *
The orc wizard gestures at you while chanting.
You miss something. Something barely misses you.
The orc wizard mumbles some strange words.
The orc wizard blinks!
You hear some strange, mumbled words.
A puff of flame appears from out of thin air!
The puff of flame hits you!
You die...

#..(.....#.#
#.#.##........#.#
.#......)....#.#
............#.###
#..#..[)).......#
#..#.#'#'#..#.#.#
..###......#.#....#.#
...h...........####.#
###..........@...#
#.....#.......#..#
#.....#.#...#.#..#
#.....#.......#..########
#.....#.......#.........#
.###.....#.......#.# #.#
.........#.#...#.#.# #.#
#######..#.......#.# #.#
Yoo......##.....##.# #.#


There were no monsters in sight!

Vanquished Creatures
  Sigmund (D:3)
  An orc priest (D:3)
  An iguana (D:4)
  An adder (D:5)
  A worm (D:4)
  A dart slug (D:1)
  2 leopard geckos (D:3)
  4 orcs
  A bat (D:1)
  2 giant cockroaches
  2 goblins
  2 hobgoblins
  A jackal (D:4)
  A quokka (D:3)
  3 frilled lizards
  3 kobolds
  4 rats
31 creatures vanquished.

Vanquished Creatures (collateral kills)
  An adder (D:3)
  A giant cockroach (D:3)
  A goblin (D:3)
  A quokka (D:4)
4 creatures vanquished.

Grand Total: 35 creatures vanquished

Notes
Turn   | Place    | Note
-------+----------+-------------------------------------------
     0 | D:1      | tidbits the Demigod Transmuter began the quest for the Orb.
     0 | D:1      | Reached XP level 1. HP: 15/15 MP: 5/5
   147 | D:1      | Reached skill level 3 in Unarmed Combat
   459 | D:1      | Reached XP level 2. HP: 22/22 MP: 5/7
   464 | D:1      | Learned a level 2 spell: Sticks to Snakes
   525 | D:3      | Noticed Sigmund
   540 | D:3      | Killed Sigmund
   540 | D:3      | Reached skill level 5 in Unarmed Combat
   540 | D:3      | Reached XP level 3. HP: 18/27 MP: 3/8
   540 | D:3      | Reached XP level 4. HP: 23/34 MP: 3/9
   681 | D:3      | Noticed a sky beast
   726 | D:4      | Reached XP level 5. HP: 38/39 MP: 2/10
   738 | D:4      | Reached skill level 1 in Fighting
   860 | D:5      | Entered Level 5 of the Dungeon
   860 | D:5      | Noticed an ice beast
   970 | D:3      | Reached skill level 2 in Dodging
   975 | D:3      | Learned a level 3 spell: Spider Form
  1062 | D:3      | Reached skill level 2 in Transmutations
  1064 | D:3      | HP: 1/40 [something/puff of flame (11)]
  1075 | D:3      | HP: 1/40 [something (1)]
  1080 | D:3      | Killed from afar by an orc wizard

Skill      XL: |  1  2  3  4  5 |
---------------+----------------+-----
Unarmed Combat | 3 5 |  5.6
Fighting       | 1 |  1.2
Dodging        | 2 |  2.0
Transmutations | 2 |  2.4
Spellcasting   | |  1.7

Action                   |  1- 3 |  4- 6 || total
-------------------------+-------+-------++-------
Melee: Unarmed           |    34 |    54 ||    88
       Headbutt          |     4 |       ||     4
       Kick              |     3 |     3 ||     6
       Punch             |       |     1 ||     1
 Cast: Beastly Appendage |    10 |     8 ||    18
       Sticks to Snakes  |     2 |    10 ||    12
       Spider Form       |       |     1 ||     1
  Use: Potion            |       |     3 ||     3
 Stab: Sleeping          |     1 |     1 ||     2
  Eat: Chunk             |       |     2 ||     2
Armor: Robe              |     5 |     9 ||    14
       Skin              |       |     1 ||     1
Dodge: Dodged            |    20 |    36 ||    56

Table legend:
 A = Turns spent in this place as a percentage of turns spent in the entire game.
 B = Non-inter-level travel turns spent in this place as a percentage of non-inter-level travel turns spent in the entire game.
 C = Inter-level travel turns spent in this place as a percentage of turns spent in this place.
 D = Turns resting spent in this place as a percentage of non-inter-level travel turns spent in this place.
 E = Turns spent auto-exploring this place as a percentage of non-inter-level travel turns spent in this place.
 F = Non-inter-level travel turns spent in this place divided by the number of levels of this place that you've seen.
                   A       B       C       D       E      F
               +-------+-------+-------+-------+-------+----------------------
         Total | 100.0 | 100.0 |   0.0 |   0.0 |   0.0 | 186.4
       Dungeon | 100.0 | 100.0 |   0.0 |   0.0 |   0.0 | 186.4
               +-------+-------+-------+-------+-------+----------------------

Table legend:
 A = Kills in this place as a percentage of kills in entire the game.
 B = Kills by you in this place as a percentage of kills by you in the entire game.
 C = Kills by friends in this place as a percentage of kills by friends in the entire game.
 D = Other kills in this place as a percentage of other kills in the entire game.
 E = Experience gained in this place as a percentage of experience gained in the entire game.
 F = Experience gained in this place divided by the number of levels of this place that you have seen.
                   A       B       C       D       E      F
               +-------+-------+-------+-------+-------+----------------------
         Total | 100.0 | 100.0 | 100.0 |  -nan | 100.0 |  71.0
       Dungeon | 100.0 | 100.0 | 100.0 |  -nan | 100.0 |  71.0
               +-------+-------+-------+-------+-------+----------------------

Vault maps used:
D:1:      mushboom_english_gardens, minmay_misc_feat_alley, nrook_mini_backslash
D:2:      lightli_temple_of_fire
D:3:      cheibrodos_pilgrimage, gammafunk_temple_overflow_pools,
          grunt_gozag_breadcrumbs, uniq_grinder, uniq_sigmund
D:4:      uniq_natasha
D:5:      kennysheep_mini_moat, portal_sewer_entry_a, first_bread,
          hex_intersection, cheibriados_altar_1
